 Dungeon Crawl Stone Soup version 0.21.1-1-g345015f (webtiles) character file.

59 goulibeur the Unweaver (level 3, 0/29 HPs)
             Began as a Demonspawn Abyssal Knight on July 5, 2018.
             Was a Follower of Lugonu.
             Slain by an adder (3 damage)
             ... on level 3 of the Dungeon.
             The game lasted 00:07:13 (2760 turns).

goulibeur the Unweaver (Demonspawn Abyssal Knight)  Turns: 2760, Time: 00:07:13

Health: 0/29       AC:  4    Str: 12    XL:     3   Next: 78%
Magic:  5/5        EV: 11    Int: 13    God:    Lugonu [*.....]
Gold:   204        SH:  0    Dex: 13    Spells: 2/2 levels left

rFire    . . .     SeeInvis .   l - +2 whip (flame)
rCold    . . .     Gourm    .   (no shield)
rNeg     . . .     Faith    .   b - +0 leather armour
rPois    .         Spirit   .   (no helmet)
rElec    .         Reflect  .   (no cloak)
rCorr    .         Harm     .   p - +0 pair of gloves (curse)
MR       .....                  (no boots)
Stlth    +.........             (no amulet)
HPRegen  0.09/turn              (no ring)
MPRegen  0.09/turn              (no ring)

@: lethally poisoned (0 -> -7)
A: rot immunity
a: Depart the Abyss, Renounce Religion


You were on level 3 of the Dungeon.
You worshipped Lugonu.
Lugonu was aware of your devotion.
You were not hungry.

You visited 1 branch of the dungeon, and saw 3 of its levels.
You visited the Abyss 1 time.

You collected 204 gold pieces.

Inventory:

Hand Weapons
 a - a +1 short sword
 l - a +2 whip of flaming (weapon)
Armour
 b - a +0 leather armour (worn)
 p - a cursed +0 pair of gloves (worn)
Jewellery
 e - an uncursed amulet of harm {unknown}
Scrolls
 d - 3 scrolls of identify {unknown}
 f - a scroll of amnesia {unknown}
 g - a scroll of blinking {unknown}
 h - a scroll of noise {unknown}
 i - 2 scrolls of remove curse {unknown}
 k - a scroll of enchant armour {unknown}
 r - a scroll of teleportation {unknown}
 s - a scroll of magic mapping {unknown}
Potions
 j - a potion of degeneration {unknown}
 m - a potion of mutation {unknown}
 n - a potion of brilliance {unknown}
 o - a potion of haste {unknown}
 q - a potion of ambrosia {unknown}
 t - a potion of flight {unknown}
Comestibles
 c - 3 rations
 u - a chunk of flesh


   Skills:
 + Level 3.4 Fighting
 - Level 1.7 Short Blades
 + Level 2.3 Armour
 + Level 1.5 Dodging
 * Level 3.9 Invocations


You had 2 spell levels left.
You didn't know any spells.

Dungeon Overview and Level Annotations

Branches:
Dungeon (3/15)

Altars:
Hepliaklqana
Ru
Vehumet
Wu Jian

Annotations:
D:3 wilfster70's ghost, weakling DsGl


Innate Abilities, Weirdness & Mutations

You are immune to rotting.


Message History

The adder poisons you! The adder bites you but does no damage.
You barely miss the adder.
You feel sick. The adder bites you.
You barely miss the adder. The adder closely misses you. The adder bites you.
* * * LOW HITPOINT WARNING * * *
You are lethally poisoned!
The adder poisons you!
A phantom comes into view.
You hit the adder. You burn the adder.
The adder is moderately wounded.
* * * LOW HITPOINT WARNING * * *
You feel sick. The adder closely misses you.
You closely miss the adder.
The adder is moderately wounded.
* * * LOW HITPOINT WARNING * * *
You feel sick. The adder bites you.
* * * LOW HITPOINT WARNING * * *
You barely miss the adder.
The adder is moderately wounded.
The adder bites you.
You die...

############
#>.........#
#.......)..#
#.......<..#
#........>.# .
#..........## $..
#..........)#######.....
#.............@SW.......
#..........#####...W.$_.
######.##### #...##.##
#.# #..#.. #.# #.#..##
#.# ....## #.# #.?#. #.#
#.. .$ #.#


You could see a phantom, wilfster70's ghost and an adder.

Vanquished Creatures
  2 adders (D:2)
  A worm (D:2)
  A dart slug (D:2)
  A leopard gecko (D:2)
  2 giant cockroaches
  6 goblins
  3 hobgoblins
  2 jackals (D:2)
  A quokka (D:3)
  4 bats
  2 frilled lizards (D:2)
  6 kobolds
  3 rats
34 creatures vanquished.

Vanquished Creatures (others)
  A rat (D:2)
1 creature vanquished.

Grand Total: 35 creatures vanquished

Notes
Turn   | Place    | Note
-------+----------+-------------------------------------------
     0 | Abyss:1  | goulibeur the Demonspawn Abyssal Knight began the quest for the Orb.
     0 | Abyss:1  | Reached XP level 1. HP: 18/18 MP: 2/2
    31 | Abyss:1  | Noticed a hell hound
    32 | D:1      | Escaped the Abyss
   140 | D:1      | Reached * piety under Lugonu
   140 | D:1      | Reached skill level 1 in Dodging
   489 | D:1      | Gained mutation: You are immune to rotting. [demonic ancestry]
   489 | D:1      | Reached XP level 2. HP: 24/24 MP: 4/4
  1417 | D:2      | Found a radiant altar of Vehumet.
  1559 | D:2      | Reached XP level 3. HP: 24/29 MP: 5/5
  2298 | D:2      | Found a hazy altar of Hepliaklqana.
  2299 | D:2      | Found an ornate altar of the Wu Jian Council.
  2747 | D:3      | Found a sacrificial altar of Ru.
  2748 | D:3      | Noticed wilfster70's ghost (weakling DsGl)
  2758 | D:3      | Noticed a phantom
  2760 | D:3      | Slain by an adder

Skill      XL: |  1  2 |
---------------+-------+-----
Dodging        | 1 |  1.5
Armour         | 2 |  2.3
Invocations    | 3 |  3.9
Fighting       | |  3.4
Short Blades   | |  1.7

Action                   || total
-------------------------++-------
Melee: Short sword       ||    75
       Whip              ||    60
Invok: Depart the Abyss  ||     1
  Eat: Chunk             ||     6
Armor: Leather armour    ||    26
Dodge: Dodged            ||    77
